 Dungeon Crawl Stone Soup version 0.31-a0-217-g58bb5d79cf (webtiles) character file.

Game seed: 16862201883967680256

835 qw the Chopper (level 7, -7/44 HPs)
             Began as a Gargoyle Fighter on July 2, 2023.
             Mangled by an orc warrior
             ... wielding a +0 mace
              (9 damage)
             ... on level 5 of the Dungeon.
             The game lasted 00:01:56 (3762 turns).

qw the Chopper (Gargoyle Fighter)                   Turns: 3762, Time: 00:01:56

Health: -7/44      AC:  7    Str: 21    XL:     7   Next: 98%
Magic:  7/7        EV: 14    Int: 12    God:
Gold:   142        SH:  4    Dex:  6    Spells: 6/6 levels left

rFire   + + .        Y - +1 war axe
rCold   x . .        c - +0 buckler
rNeg    + . .        i - +0 fire dragon scales
rPois   inf          (no helmet)
rElec   +            (no cloak)
rCorr   .            (no gloves)
SInv    .            p - +0 pair of boots
Will    +....        u - amulet of faith Stlth
                     k - +5 ring of evasion
HPRegen 0.27/turn    r - ring of willpower
MPRegen 0.10/turn

%: faith
@: corroded
A: sickness immunity, AC +4, negative energy resistance 1, electricity
resistance, torment resistance 1, petrification resistance, talons 1, clever 1,
clumsy 1
a: no special abilities


You were on level 5 of the Dungeon.
You visited 2 branches of the dungeon, and saw 6 of its levels.

You collected 250 gold pieces.
You spent 108 gold pieces at shops.


Innate Abilities, Weirdness & Mutations

You are immune to sickness and miasma.
Your stone body is resilient. (AC +4)
You are immune to poison.
You resist negative energy. (rN+)
You are resistant to electric shocks. (rElec)
You are resistant to unholy torment.
You are immune to petrification.
You have sharp toenails.
Your mind is acute. (Int +4, Str/Dex -1)
You are clumsy. (Dex -2)


   Skills:
 - Level 5.0 Fighting
 + Level 7.1 Axes
 - Level 2.0 Throwing
 - Level 3.2 Armour
 - Level 3.2 Shields


You had 6 spell levels left.
You didn't know any spells.
Your spell library was empty.

Inventory:

Hand Weapons
 v - a +1 mace of protection
 Y - a +1 war axe (weapon)
Missiles
 n - 7 boomerangs (quivered)
 o - 2 silver javelins
 t - 2 javelins
Armour
 c - a +0 buckler (worn)
 e - a +0 chain mail
 f - a +0 cloak
 i - +0 fire dragon scales (worn)
 j - the +1 chain mail of the Lich-sworn {*Slow rElec rN++ Int+3}
   (You took it off a goblin on level 2 of the Dungeon)

   Int:       It affects your intelligence (+3).
   rElec:     It insulates you from electricity.
   rN:        It greatly protects you from negative energy.
   *Slow:     It may slow you when you take damage.
 p - a +0 pair of boots (worn)
Jewellery
 k - a +5 ring of evasion (left hand)
 q - a ring of fire
 r - a ring of willpower (right hand)
 u - an amulet of faith (around neck)
Scrolls
 a - a scroll of identify
 g - 2 scrolls of vulnerability {unknown}
Potions
 b - 2 potions of curing
 d - 2 potions of might
 h - a potion of mutation
 l - a potion of enlightenment
 m - a potion of lignification {unknown}
 s - a potion of haste {unknown}

Dungeon Overview and Level Annotations

Branches:
Dungeon (5/15)             Temple (1/1) D:5

Altars:
Ashenzari
Cheibriados
Dithmenos
Fedhas
Gozag
Hepliaklqana
Kikubaaqudgha
Makhleb
Nemelex Xobeh
Qazlal
Ru
Trog
Vehumet
Wu Jian
Xom
The Shining One

Shops:
D:5 [

Annotations:
D:4 2 transporters, qw's ghost, amateur GrFi
D:5 1 transporter


Message History

The jelly closely misses you. The orc warrior barely misses you. x2
The jelly hits you but does no damage.
You slash the jelly!
Your hands burn!
The jelly is almost dead.
You hit the orc warrior. The orc warrior misses you.
The jelly hits you but does no damage.
You hit the jelly but do no damage. The acid corrodes you!
Your hands burn!
The jelly is almost dead.
You closely miss the orc warrior.
The orc warrior hits you but does no damage.
The jelly closely misses you.
You hit the jelly.
You kill the jelly!
You completely miss the orc warrior.
The orc warrior hits you with a +0 mace!
You slash the orc warrior!
The orc warrior is almost dead.
The orc warrior hits you with a +0 mace!
You barely miss the orc warrior.
The orc warrior is almost dead.
The orc warrior hits you but does no damage. x2
You closely miss the orc warrior.
The orc warrior is almost dead.
You block the orc warrior's attack.
You closely miss the orc warrior.
The orc warrior is almost dead.
The orc warrior closely misses you.
You hit the orc warrior but do no damage.
The orc warrior is almost dead.
The orc warrior barely misses you.
You hit the orc warrior but do no damage.
The orc warrior is almost dead.
The orc warrior completely misses you.
You hit the orc warrior but do no damage.
The orc warrior is almost dead.
The orc warrior hits you with a +0 mace.
You closely miss the orc warrior.
The orc warrior is almost dead.
The orc warrior hits you with a +0 mace!
You die...

#.......# #.#####.#
#. ####.# #? #....#
#####.##.##.# #.##
#.....>#.##.#
#....###.###.......#
#.....)o......#.####
# #@..#.....#
#.##...#.#.###
#........#.#
####.......#
#.#####.#.###.#
#.......#.....#
###############


You could see an orc warrior.

Vanquished Creatures
  A water moccasin (D:5)
  2 black bears
  A scorpion (D:5)
  2 hounds (D:4)
  2 jellies
  A gnoll bouda (D:5)
  A sleepcap (D:4)
  Ijyb (D:3)
  2 iguanas
  An orc wizard (D:5)
  8 adders
  3 gnolls
  An ufetubus (D:5)
  A worm (D:3)
  11 dart slugs
  7 orcs
  5 bats
  7 endoplasms
  2 giant cockroaches
  10 goblins
  6 hobgoblins
  4 kobolds
  2 quokkas
  3 ball pythons
  2 frilled lizards (D:3)
  A hobgoblin zombie (D:5)
  3 rats
90 creatures vanquished.

Notes
Turn   | Place    | Note
-------+----------+-------------------------------------------
     0 | D:1      | qw the Gargoyle Fighter began the quest for the Orb.
     0 | D:1      | Reached XP level 1. HP: 14/14 MP: 1/1
     0 | D:1      | 0 ||| qw: Version: 0.3-a-40-ge99b1a8
     0 | D:1      | 0 ||| qw: Game counter: 205
     0 | D:1      | 0 ||| qw: Melee chars always use a shield: true
     0 | D:1      | 0 ||| qw: God list: Okawaru
     0 | D:1      | 0 ||| qw: Allow faded altars: false
     0 | D:1      | 0 ||| qw: Do Orc after clearing Dungeon:15 true
     0 | D:1      | 0 ||| qw: Do second Lair branch before Depths: true
     0 | D:1      | 0 ||| qw: Lair rune preference: random
     0 | D:1      | 0 ||| qw: Goals: Normal, Zot:1-4, Slime:5, God:TSO, Crypt,
                  | Tomb, Abyss, Pan, Hells, Win
     0 | D:1      | 0 ||| PLANNING D:1-11
    45 | D:1      | Reached skill level 2 in Axes
   187 | D:1      | Found a faded altar of an unknown god.
   348 | D:1      | Reached XP level 2. HP: 15/19 MP: 2/2
   754 | D:1      | 754 ||| UPGRADING to +0 fire dragon scales.
   764 | D:1      | 764 ||| UPGRADING to +5 ring of evasion.
   765 | D:1      | 765 ||| READING 2 scrolls labelled DEATRO ELUKE.
   766 | D:1      | 766 ||| READING scroll labelled OCZARUIFAHU.
   770 | D:1      | 770 ||| READING scroll labelled ROIPTUT OPPA.
   871 | D:2      | 871 ||| Stepping ~*~*~tactically~*~*~ (stealth).
   886 | D:2      | Reached skill level 3 in Axes
   886 | D:2      | Reached XP level 3. HP: 14/23 MP: 3/3
   975 | D:2      | 975 ||| Stepping ~*~*~tactically~*~*~ (hiding).
  1016 | D:2      | Identified the +1 chain mail of the Lich-sworn {*Slow rElec
                  | rN++ Int+3}
  1339 | D:2      | 1339 ||| DROPPING +0 scale mail.
  1340 | D:2      | 1340 ||| READING scroll labelled RUNADA DAAPTAISIUG.
  1341 | D:2      | 1341 ||| READING scroll labelled LIVATO VY ITITS.
  1342 | D:2      | 1342 ||| DRINKING 2 fizzy emerald potions.
  1346 | D:2      | 1346 ||| DRINKING 2 grey potions.
  1347 | D:2      | 1347 ||| DROPPING potion of ambrosia.
  1348 | D:2      | 1348 ||| DROPPING potion of invisibility.
  1401 | D:3      | Reached XP level 4. HP: 28/28 MP: 4/4
  1441 | D:3      | Reached skill level 4 in Axes
  1484 | D:3      | 1484 ||| Stepping ~*~*~tactically~*~*~ (water).
  1486 | D:3      | 1486 ||| Stepping ~*~*~tactically~*~*~ (water).
  1511 | D:3      | 1511 ||| STAIRDANCE
  1522 | D:2      | 1522 ||| READING scroll labelled LANWEWNONEI.
  1746 | D:3      | Noticed Ijyb
  1747 | D:3      | 1747 ||| Stepping ~*~*~tactically~*~*~ (hiding).
  1763 | D:3      | Killed Ijyb
  1764 | D:3      | Reached skill level 1 in Throwing
  1764 | D:3      | Reached XP level 5. HP: 31/32 MP: 5/5
  2021 | D:3      | Noticed a black bear
  2032 | D:3      | Killed a black bear
  2033 | D:3      | Reached skill level 5 in Axes
  2033 | D:3      | Reached XP level 6. HP: 26/37 MP: 6/6
  2292 | D:3      | 2292 ||| UPGRADING to +0 pair of boots.
  2297 | D:3      | 2297 ||| UPGRADING to ring of willpower.
  2298 | D:3      | 2298 ||| READING scroll labelled XAL DETYUMICI.
  2299 | D:3      | 2299 ||| READING scroll labelled ZEOF ENGUERUWA.
  2325 | D:3      | 2325 ||| DRINKING 3 fizzy black potions.
  2326 | D:3      | 2326 ||| DRINKING 2 sedimented sapphire potions.
  2326 | D:3      | Gained mutation: You have sharp toenails. [potion of
                  | mutation]
  2326 | D:3      | Gained mutation: You are clumsy. (Dex -2) [potion of
                  | mutation]
  2326 | D:3      | Gained mutation: Your mind is acute. (Int +4, Str/Dex -1)
                  | [potion of mutation]
  2424 | D:4      | 2424 ||| Stepping ~*~*~tactically~*~*~ (stealth).
  2425 | D:4      | 2425 ||| Stepping ~*~*~tactically~*~*~ (stealth).
  2470 | D:4      | 2470 ||| Stepping ~*~*~tactically~*~*~ (stealth).
  2547 | D:4      | 2547 ||| Stepping ~*~*~tactically~*~*~ (stealth).
  2550 | D:4      | 2550 ||| Stepping ~*~*~tactically~*~*~ (hiding).
  2551 | D:4      | 2551 ||| Stepping ~*~*~tactically~*~*~ (hiding).
  2699 | D:4      | 2699 ||| Stepping ~*~*~tactically~*~*~ (stealth).
  2758 | D:4      | Found a transporter.
  2771 | D:4      | Noticed qw's ghost (amateur GrFi)
  2813 | D:4      | Found a transporter.
  2991 | D:4      | 2991 ||| UPGRADING to amulet of faith.
  2996 | D:4      | 2996 ||| READING scroll labelled JORION GAEHUUJU.
  2997 | D:4      | 2997 ||| READING 3 scrolls of identify.
  2997 | D:4      | 2997 ||| IDENTIFYING green potion
  2998 | D:4      | 2998 ||| READING 2 scrolls of identify.
  2998 | D:4      | 2998 ||| IDENTIFYING emerald potion
  2999 | D:4      | 2999 ||| DROPPING potion of brilliance.
  3011 | D:5      | Entered Level 5 of the Dungeon
  3011 | D:5      | Found a transporter.
  3015 | D:5      | 3015 ||| STAIRDANCE
  3143 | D:5      | Noticed a water moccasin
  3168 | D:5      | Killed a water moccasin
  3169 | D:5      | Reached skill level 6 in Axes
  3169 | D:5      | Reached XP level 7. HP: 22/43 MP: 7/7
  3248 | D:5      | 3248 ||| Stepping ~*~*~tactically~*~*~ (stealth).
  3260 | D:5      | 3260 ||| Stepping ~*~*~tactically~*~*~ (stealth).
  3262 | D:5      | 3262 ||| Stepping ~*~*~tactically~*~*~ (stealth).
  3263 | D:5      | 3263 ||| Stepping ~*~*~tactically~*~*~ (stealth).
  3267 | D:5      | 3267 ||| FLEEEEING.
  3268 | D:5      | 3268 ||| FLEEEEING.
  3269 | D:5      | 3269 ||| FLEEEEING.
  3270 | D:5      | 3270 ||| FLEEEEING.
  3271 | D:5      | 3271 ||| FLEEEEING.
  3272 | D:5      | 3272 ||| FLEEEEING.
  3273 | D:5      | 3273 ||| FLEEEEING.
  3288 | D:5      | Reached skill level 7 in Axes
  3296 | D:5      | 3296 ||| DROPPING +0 club.
  3315 | D:5      | Found a staircase to the Ecumenical Temple.
  3316 | D:5      | 3316 ||| PLANNING TEMPLE
  3317 | D:5      | 3317 ||| DROPPING orb of wrath.
  3322 | D:5      | 3322 ||| Stepping ~*~*~tactically~*~*~ (hiding).
  3323 | D:5      | 3323 ||| Stepping ~*~*~tactically~*~*~ (stealth).
  3345 | D:5      | 3345 ||| FLEEEEING.
  3350 | D:5      | 3350 ||| STAIRDANCE
  3365 | D:5      | 3365 ||| STAIRDANCE
  3369 | D:5      | 3369 ||| STAIRDANCE
  3395 | Temple   | Entered the Ecumenical Temple
  3579 | Temple   | 3579 ||| PLANNING D:1-11
  3638 | D:5      | Found Feam's Armour Shop.
  3648 | D:5      | 3648 ||| BUYING +0 chain mail (54 gold).
  3648 | D:5      | Bought a +0 chain mail for 54 gold pieces
  3648 | D:5      | 3648 ||| BUYING +0 cloak (54 gold).
  3648 | D:5      | Bought a +0 cloak for 54 gold pieces
  3648 | D:5      | 3648 ||| SHOPLISTING +0 plate armour (276 gold, have 123).
  3694 | D:5      | 3694 ||| DROPPING +0 whip.
  3735 | D:5      | 3735 ||| Stepping ~*~*~tactically~*~*~ (hiding).
  3755 | D:5      | HP: 4/44 [orc warrior/+0 mace (9)]
  3761 | D:5      | HP: 2/44 [orc warrior/+0 mace (4)]
  3762 | D:5      | Mangled by an orc warrior

Levels and vault maps discovered:
D:1:      beargit_arrival_diablo_church, layout_basic,
          hellmonk_ecumenical_altar_arch_garden, due_unseen_surprise
D:2:      layout_rooms
D:3:      kennysheep_slugbush, layout_basic, uniq_ijyb
D:4:      layout_cave_pools, gammafunk_ghost_stat_death
D:5:      gammafunk_steamed_eel, layout_loops_cross, minmay_temple_entry_waves,
          serial_shops, nicolae_shop_trees, minmay_mini_ossuary
Temple:   eino_temple_rhombus

Skill      XL: |  1  2  3  4  5  6  7 |
---------------+----------------------+-----
Axes           | 2 3 4 5 6 7 |  7.1
Throwing       | 1 2 |  2.0
Fighting       | 4 5 |  5.0
Armour         | |  3.2
Shields        | |  3.2

Action                     |  1- 3 |  4- 6 |  7- 9 || total
---------------------------+-------+-------+-------++-------
  Melee: War axe           |    62 |   126 |    55 ||   243
  Throw: Boomerang         |    15 |    45 |     4 ||    64
         Javelin           |       |    46 |     6 ||    52
    Use: Scroll            |     5 |     6 |       ||    11
         Potion            |     2 |     2 |       ||     4
 Armour: Scale mail        |     7 |       |       ||     7
         Fire dragon scale |    18 |    58 |    21 ||    97
  Dodge: Dodged            |    28 |   119 |    45 ||   192
  Block: Buckler           |     7 |    32 |    10 ||    49

Table legend:
 A = Non-vault XP
 B = Vault XP
 C = Vault XP percentage of total XP
 D = Non-vault monster count
 E = Vault monster count
 F = Vault count percentage of total count
                 A         B        C        D         E       F
            +---------+---------+-------+---------+---------+-------
      Total |    1116 |      77 |   6.5 |      78 |      12 |  13.3
            +---------+---------+-------+---------+---------+-------
        D:1 |      14 |       0 |   0.0 |       8 |       0 |   0.0
        D:2 |      54 |       0 |   0.0 |      17 |       0 |   0.0
        D:3 |     189 |      76 |  28.7 |      20 |      11 |  35.5
        D:4 |     257 |       0 |   0.0 |      15 |       0 |   0.0
        D:5 |     602 |       1 |   0.2 |      18 |       1 |   5.3
            +---------+---------+-------+---------+---------+-------
